 Dungeon Crawl Stone Soup version 0.28.0-1-gb440e238dd (webtiles) character file.

Game seed: 16932240408170479741

33 issech the Cudgeller (level 3, 0/36 HPs)
             Began as a Troll Monk on Feb 24, 2022.
             Slain by a gnoll (4 damage)
             ... on level 3 of the Dungeon.
             The game lasted 00:03:16 (1237 turns).

issech the Cudgeller (Troll Monk)                   Turns: 1237, Time: 00:03:17

Health: 0/36       AC:  4    Str: 19    XL:     3   Next: 12%
Magic:  2/2        EV: 10    Int:  6    God:
Gold:   89         SH:  0    Dex: 14    Spells: 2/2 levels left

rFire   . . .      SeeInvis .   a - +0 mace
rCold   . . .      Faith    .   (no shield)
rNeg    . . .      Spirit   .   b - +0 robe
rPois   .          Reflect  .   (helmet restricted)
rElec   .          Harm     .   (no cloak)
rCorr   .          Rampage  .   (gloves unavailable)
Will    .....                   (boots unavailable)
Stlth   ++........              (no amulet)
HPRegen 0.92/turn               (no ring)
MPRegen 0.08/turn               (no ring)

@: no status effects
A: large, unfitting armour, claws 3, regeneration 1, shaggy fur 1, tough skin 1
a: no special abilities


You were on level 3 of the Dungeon.
You visited 1 branch of the dungeon, and saw 3 of its levels.

You collected 89 gold pieces.

Inventory:

Hand Weapons
 a - a +0 mace (weapon)
Missiles
 c - 30 stones (quivered)
 d - 39 arrows
 l - 4 poisoned darts
Armour
 b - a +0 robe (worn)
Scrolls
 e - 2 scrolls of immolation {unknown}
 f - a scroll of amnesia {unknown}
 g - 2 scrolls of teleportation {unknown}
 i - a scroll of fog {unknown}
 j - a scroll of enchant armour {unknown}
Potions
 h - a potion of magic {unknown}
 k - a potion of degeneration {unknown}


   Skills:
 + Level 2.7 Fighting
 + Level 3.2 Maces & Flails
 + Level 2.7 Dodging
 + Level 1.1 Stealth


You had 2 spell levels left.
You didn't know any spells.
Your spell library was empty.

Dungeon Overview and Level Annotations

Branches:
Dungeon (3/15)

Altars:

Shops:
D:2 =


Innate Abilities, Weirdness & Mutations

You are too large for most types of armour.
You have claws for hands.
Your natural rate of healing is unusually fast.
You are covered in fur. (AC +1)
You have tough skin. (AC +1)


Message History

The gnoll shouts!
A gnoll comes into view. It is wielding a +0 flail.
The gnoll throws a throwing net.
The throwing net hits you.
You become entangled in the net!
You see here a throwing net.
You struggle against the net.
The gnoll shouts!
You struggle against the net.
You shred the net and break free!
The gnoll shouts!
You hit the gnoll.
The gnoll is heavily wounded.
The adder hisses angrily.
The gnoll hits you with a +0 whip.
You hit the gnoll.
The gnoll is lightly wounded.
The gnoll hits you with a +0 whip.
You closely miss the gnoll.
The gnoll is lightly wounded.
The adder closely misses you. The adder bites you.
The gnoll closely misses you. The adder bites you.
You hit the gnoll but do no damage. The adder bites you.
The gnoll hits you with a +0 flail. The gnoll closely misses you.
The gnoll hits you with a +0 whip. The adder bites you but does no damage.
You barely miss the gnoll. The gnoll hits you with a +0 flail.
The adder bites you but does no damage. The gnoll hits you with a +0 whip.
The gnoll barely misses you. x2
The gnoll misses you. The adder bites you.
A kobold comes into view. It is wielding a +0 short sword.
You hit the gnoll but do no damage. The adder bites you.
The gnoll hits you with a +0 whip. The adder barely misses you.
The gnoll hits you with a +0 whip. The adder completely misses you.
The gnoll hits you with a +0 whip!
* * * LOW HITPOINT WARNING * * *
The adder closely misses you. The adder barely misses you.
The gnoll hits you with a +0 whip.
You die...

...# ....# ....#
#### .....# .....
.....# #....##
#######.....#
#...###..@g.K.....#
#..##..gS.......#
##..#...g.......#
##........######
###......#
.........#
####......#
#......# #......#


You could see 3 gnolls, an adder and a kobold.

Vanquished Creatures
  An adder (D:2)
  A dart slug (D:1)
  2 endoplasms (D:1)
  A giant cockroach (D:2)
  A goblin (D:1)
  5 hobgoblins (D:2)
  4 kobolds
  A quokka (D:2)
  A ball python (D:2)
  A bat (D:1)
  A frilled lizard (D:1)
  2 rats (D:1)
21 creatures vanquished.

Notes
Turn   | Place    | Note
-------+----------+-------------------------------------------
     0 | D:1      | issech the Troll Monk began the quest for the Orb.
     0 | D:1      | Reached XP level 1. HP: 22/22 MP: 0/0
   111 | D:1      | Found a faded altar of an unknown god.
   313 | D:1      | Reached XP level 2. HP: 28/29 MP: 1/1
   504 | D:1      | Reached skill level 3 in Maces & Flails
  1008 | D:2      | Reached XP level 3. HP: 36/36 MP: 2/2
  1099 | D:2      | Found Coxetz's Jewellery Shop.
  1237 | D:3      | Slain by a gnoll

Illustrated notes

Levels and vault maps discovered:
D:1:      roderic_chinese_lattice_arrival, layout_loops_ring,
          basic_ecumenical_altar, hex_medium
D:2:      layout_loops_ring, serial_shops, nicolae_shop_crystal
D:3:      layout_rooms, uniq_jessica

Skill      XL: |  1  2 |
---------------+-------+-----
Maces & Flails | 3 |  3.2
Fighting       | |  2.7
Dodging        | |  2.7
Stealth        | |  1.1

Action                   || total
-------------------------++-------
Melee: Mace              ||    81
 Stab: Sleeping          ||     1
Armor: Robe              ||    28
Dodge: Dodged            ||    60
